 Dungeon Crawl Stone Soup version 0.16-a0-890-g98fc465 (webtiles) character file.

214344 PolkaDot the Maledictor (level 17, -14/143 HPs)
             Began as a Vampire Enchanter on Sept 28, 2014.
             Was the Champion of Ashenzari.
             Demolished by an iron devil
             ... wielding a +0 great sword
             ... summoned by a deep elf sorcerer
              (19 damage)
             ... on Level 3 of the Elven Halls on Sept 29, 2014.
             The game lasted 05:02:32 (52076 turns).

PolkaDot the Maledictor (Vampire Enchanter)        Turns: 52076, Time: 05:02:33

HP -14/143       AC 19     Str 12      XL: 17   Next: 84%
MP   5/35        EV 16     Int 28      God: Ashenzari [******]
Gold 1011        SH  6     Dex 14      Spells: 10 memorised,  3 levels left

rFire  + + .     SeeInvis +     r - +2 dagger (protect) (curse)
rCold  + + .     Clarity  +     p - +3 leather armour {MR+} (curse)
rNeg   + + +     rCorr    +     X - +0 buckler (curse)
rPois  +         rRot     +     N - +1 helmet "Stray" {+Rage +Inv SInv}
rElec  .         Spirit   .     Y - +1 cloak of the Buccaneer {rF+ SInv}
SustAb +         Warding  .     D - +2 pair of gloves (curse)
rMut   .         Stasis   .     J - +2 pair of boots (curse)
Gourm  .                        n - amulet "Qeusu" {rCorr Str+5 Int+3}
MR     ++...                    j - cursed ring of Chatab {SustAb +Fly rF+ rN+ Stlth+}
                                H - cursed +5 ring of intelligence

@: about to teleport, very slightly contaminated, regenerating slowly, studying
Short Blades, repel missiles, very resistant to hostile enchantments, uncannily
stealthy
A: bottle blood, fangs 3, see invisible, berserk 1, deformed body, dopey 1,
mutation resistance 1, robust 1, screaming 1, unbreathing
a: Bat Form, Bottle Blood, Scrying, Transfer Knowledge, Renounce Religion, Evoke
Berserk Rage, Evoke Invisibility, Evoke Flight
}: 2/15 runes: decaying, abyssal


You were on level 3 of the Elven Halls.
You worshipped Ashenzari.
Ashenzari was exalted by your worship.
You were near bloodless.

You visited 7 branches of the dungeon, and saw 41 of its levels.
You visited the Abyss 1 time.
You also visited: Ossuary.

You collected 3355 gold pieces.
You spent 2344 gold pieces at shops.

Inventory:

Hand weapons
 r - a cursed +2 dagger of protection (weapon)
 R - a +2 lajatang of electrocution
Armour
 p - a cursed +3 leather armour of magic resistance (worn)
 D - a cursed +2 pair of gloves (worn)
 J - a cursed +2 pair of boots (worn)
 N - the cursed +1 helmet "Stray" (worn) {+Rage +Inv SInv}
   (You found it on level 3 of the Lair of Beasts)

   It enhances your eyesight.
   It lets you turn invisible.
   It lets you go berserk.
   It has a curse placed upon it.
 X - a cursed +0 buckler (worn)
 Y - the cursed +1 cloak of the Buccaneer (worn) {rF+ SInv}
   (You found it on level 1 of the Abyss)

   It protects you from fire.
   It enhances your eyesight.
   It has a curse placed upon it.
Magical devices
 d - a wand of paralysis (9)
 q - a wand of hasting (0)
 u - a wand of polymorph (13)
 x - a wand of frost (18)
 z - a wand of paralysis (11)
 F - a wand of heal wounds (0)
 L - a wand of fire (1)
Scrolls
 a - 7 scrolls of fear
 b - 6 scrolls of fog
 e - 12 scrolls of curse armour
 l - 3 scrolls of silence
 t - 5 scrolls of enchant weapon
 y - 3 scrolls of amnesia
 C - 4 scrolls of magic mapping
 G - 8 scrolls of teleportation
 I - 2 scrolls of torment
 K - 10 scrolls of curse weapon
 M - a scroll of immolation
 O - a scroll of blinking
 V - a scroll of recharging
 W - a scroll of enchant armour
Jewellery
 f - the ring of the Cicada {MP+9 Int+2 Slay+6 Stlth-}
   (You took it off a deep elf sorcerer on level 3 of the Elven Halls)

   [ring of magical power]

   It affects your intelligence (+2).
   It affects your accuracy and damage with ranged weapons and melee attacks
   (+6).
   It affects your magic capacity (+9).
   It makes you less stealthy.
 j - the cursed ring of Chatab (right hand) {SustAb +Fly rF+ rN+ Stlth+}
   (You took it off a deep elf death mage on level 3 of the Elven Halls)

   [ring of sustain abilities]

   It sustains your strength, intelligence and dexterity.
   It protects you from fire.
   It protects you from negative energy.
   It lets you fly.
   It makes you more stealthy.
   It has a curse placed upon it.
 n - the amulet "Qeusu" (around neck) {rCorr Str+5 Int+3}
   (You took it off a deep elf death mage on level 3 of the Elven Halls)

   [amulet of resist corrosion]

   It protects you from acid and corrosion.
   It affects your strength (+5).
   It affects your intelligence (+3).
 H - a cursed +5 ring of intelligence (left hand)
Potions
 g - 2 potions of cancellation
 h - 8 potions of curing
 k - 7 potions of restore abilities
 Q - a potion of invisibility
Books
 c - a book of Death

   Spells                             Type                      Level
   Corpse Rot                         Necromancy                   2
   Sublimation of Blood               Necromancy                   2
   Agony                              Necromancy                   5
   Dispel Undead                      Necromancy                   5
   Excruciating Wounds                Charms/Necromancy            5
   Bolt of Draining                   Conjuration/Necromancy       5
 i - a book of Fire

   Spells                             Type                      Level
   Ignite Poison                      Fire/Transmutation           5
   Fireball                           Conjuration/Fire             5
   Bolt of Fire                       Conjuration/Fire             6
   Delayed Fireball                   Conjuration/Fire             7
   Ring of Flames                     Charms/Fire                  7
 m - a book of Wizardry

   Spells                             Type                      Level
   Agony                              Necromancy                   5
   Force Lance                        Conjuration                  5
   Dispersal                          Translocation                6
   Haste                              Charms                       6
   *Invisibility                      Hexes                        6
   Spellforged Servitor               Conjuration/Summoning        7
 o - a book of Necromancy

   Spells                             Type                      Level
   Pain                               Necromancy                   1
   Animate Skeleton                   Necromancy                   1
   Vampiric Draining                  Necromancy                   3
   Regeneration                       Charms/Necromancy            3
   Animate Dead                       Necromancy                   4
   Control Undead                     Necromancy                   4
 s - a manual of Short Blades
 B - a book of Hinderance

   Spells                             Type                      Level
   Confusing Touch                    Hexes                        2
   *Confuse                           Hexes                        3
   Petrify                            Transmutation/Earth          4
   Leda's Liquefaction                Hexes/Earth                  4
   Metabolic Englaciation             Hexes/Ice                    5
   *Summon Mana Viper                 Hexes/Summoning              5
 E - a Necronomicon {highlevel, unknown}

   This book is beyond your current level of understanding.

   Spells                             Type                      Level
   Haunt                              Necromancy/Summoning         7
   Borgnjor's Revivification          Necromancy                   8
   Death's Door                       Charms/Necromancy            8
   Necromutation                      Transmutation/Necromancy     8


   Skills:
 - Level 10.8 Fighting
 - Level 12.8(16.9) Short Blades
 + Level 4.7(9.1) Dodging
 + Level 21.0(24.5) Stealth
 - Level 5.1(8.1) Shields
 * Level 11.3 Spellcasting
 - Level 23.9(25.9) Hexes
 - Level 5.9(9.0) Charms
 - Level 0.7(2.2) Translocations
 - Level 5.6(8.6) Transmutations
 - Level 2.4(4.8) Ice Magic
 - Level 5.0(8.0) Earth Magic


You had 3 spell levels left.
You knew the following spells:

 Your Spells              Type           Power        Failure   Level  Hunger
a - Corona                Hex            #######      0%          1    None
c - Confuse               Hex            ########     0%          3    None
d - Ensorcelled Hibernat  Hex/Ice        ######       0%          2    None
e - Enslavement           Hex            ########     0%          4    None
p - Passwall              Trmt/Erth      ######....   1%          3    None
q - Blink                 Tloc           N/A          1%          2    None
v - Summon Mana Viper     Hex/Summ       ######..     1%          5    ##.....
D - Repel Missiles        Chrm/Air       #####.       1%          2    None
I - Invisibility          Hex            ########     1%          6    #####..
S - Darkness              Hex            ########..   1%          7    ######.


Dungeon Overview and Level Annotations

Branches:
Dungeon (15/15)            Temple (1/1) D:6             Orc (4/4) D:11
    Elf (3/3) Orc:3          Lair (8/8) D:11          Swamp (5/5) Lair:4
 Spider (5/5) Lair:6        Slime (0/6) Lair:6       Vaults (0/5) D:13
 Depths (0/5) D:15

Altars:
Ashenzari
Cheibriados
Dithmenos
Elyvilon
Fedhas
Gozag
Kikubaaqudgha
Makhleb
Nemelex Xobeh
Okawaru
Qazlal
Ru
Sif Muna
Trog
Vehumet
Xom
Yredelemnul
Zin
The Shining One

Shops:
D:4 *   D:5 (   D:6 ?   D:12 *   Orc:1 }%   Orc:4 :?*%   Elf:1 :

Annotations:
Spider:3 Nikola


Innate Abilities, Weirdness & Mutations

You heal slowly.
You can bottle blood from corpses.
You have razor-sharp teeth.
You have supernaturally acute eyesight.
You can survive without breathing.
You tend to lose your temper in combat.
Armour fits poorly on your strangely shaped body.
You are dopey. (Int -2)
You are somewhat resistant to further mutation.
You are robust (+10% HP).
You occasionally shout uncontrollably at your foes.


Message History

The iron devil misses you. The iron devil barely misses you.
Drink which item? (? for menu, Esc to quit)
You feel better. You block the sixfirhy's attack.
You block the sixfirhy's attack. The sixfirhy barely misses you.
You block the deep elf sorcerer's attack.
The hellwing hits your deep elf mage!
The hellwing barely misses your deep elf mage.
Your deep elf mage hits the deep elf demonologist but does no damage.
The sixfirhy hits you!
* * * LOW HITPOINT WARNING * * *
The sixfirhy shocks you!
* * * LOW HITPOINT WARNING * * *
The Executioner gestures at your deep elf mage.
Your deep elf mage convulses in agony!
The Executioner hits your deep elf mage!
Your deep elf mage dies!
Your deep elf mage's corpse dissolves into shadows!
The iron devil misses you.
The iron devil hits you with a great sword!!
You die...

####..##.####################)[#
####..##.####################)(#
####..##.#######$)$)#########.)#
####.....##.[{[$)$}e:[#######./#
####.###.##'##$=$)(?)%#######.[#
####.###.##..###(}[?###(..(##..#
#####.....##....######.)....(#..#
####...##.###.....##..(..........
'.........###...@...4..(......(..
####...##.####..4e.14...)......#.
#####.#...####...4.e)........####
######.#.#####...(......(..## ,,
######.#.#####...........##...,
######.#.####................. ,
######.#.####............⌠...,,,
#######.#.###................. ,
#######.#.###.⌠...##.......... ,


You could see an Executioner (unaware), a deep elf sorcerer, a deep elf
demonologist, 2 hellwings, an iron devil and a sixfirhy.

Vanquished Creatures
  the Lernaean hydra (Swamp:5)
  A hellephant (Abyss:3)
  Asterion (Swamp:2)
  A deep elf blademaster (Elf:2)
  A deep elf master archer (Elf:3)
  Rupert (Lair:3)
  Agnes (Swamp:1)
  Frances (Swamp:2)
  3 deep elf sorcerers (Elf:3)
  Wiglaf (Swamp:2)
  Maud (Lair:5)
  Louise (Swamp:1)
  2 emperor scorpions
  6 dire elephants (Abyss:3)
  A deep elf annihilator (Elf:3)
  Snorg (Swamp:1)
  3 deep elf death magi (Elf:3)
  An ettin (D:15)
  2 deep elf high priests (Elf:3)
  Fannar (D:11)
  13 hydras
  2 shambling mangroves (Swamp:2)
  Nessos (D:14)
  Erica (Lair:8)
  3 ogre magi
  5 alligators
  18 dancing weapons
  3 centaur warriors
  7 death yaks (Lair:8)
  The ghost of Wintastic the Severer, an experienced MiCK of Xom (D:9)
  20 deep elf knights
  3 orc high priests (Orc:4)
  5 spriggans
  3 unseen horrors
  A swamp dragon (Swamp:1)
  2 orb spiders
  A wizard (D:14)
  3 cyclopes
  9 deep elf summoners
  4 orc knights
  12 deep elf conjurers
  6 hill giants
  3 oklob plants (Lair:6)
  8 ugly things
  2 griffons
  4 orc sorcerers (Orc:4)
  5 black mambas
  5 wolf spiders
  7 elephants
  24 spiny frogs
  7 torpor snails
  6 komodo dragons
  2 fire drakes
  3 demonic crawlers
  3 tengu conjurers
  6 trolls
  17 deep elf priests
  A fire drake (shapeshifter) (Elf:1)
  5 giant leeches
  A queen bee (shapeshifter) (Elf:3)
  7 two-headed ogres
  6 jumping spiders
  13 blink frogs
  7 baby alligators
  A hydra skeleton (D:15)
  21 slime creatures
  4 bog bodies
  3 basilisks
  A griffon zombie (D:15)
  8 ravens
  A fire dragon skeleton (D:15)
  2 shadows
  2 vampires
  4 tarantellas
  A trapdoor spider (Spider:5)
  A redback (Spider:3)
  31 deep elf magi
  10 hippogriffs
  Eustachio (D:6)
  2 wyverns
  A hill giant skeleton (D:14)
  40 yaks
  2 hungry ghosts
  A warg (D:11)
  21 swamp worms
  30 deep elf fighters
  16 vampire mosquitoes
  20 water moccasins
  A soldier ant (D:12)
  A wolf (D:11)
  5 swamp drakes
  12 porcupines
  18 orc warriors
  A tengu skeleton (D:12)
  3 black bears
  A manticore zombie (D:12)
  4 ice beasts
  6 yellow wasps
  3 phantoms
  10 spiders (Spider:5)
  A necrophage (D:12)
  4 sky beasts
  A manticore skeleton (D:13)
  6 crocodiles
  An orc skeleton (D:15)
  3 boring beetles
  12 ogres
  10 centaurs
  Sigmund (D:4)
  A big kobold (D:11)
  2 cyclops zombies
  2 insubstantial wisps (Swamp:2)
  34 giant frogs
  An eye of draining (D:13)
  2 troll zombies
  A cyclops skeleton (D:15)
  5 scorpions
  7 killer bees
  19 wights
  2 goliath beetles
  7 hounds
  9 electric eels
  21 orc priests
  8 crimson imps
  22 orc wizards
  14 iguanas
  A gnoll shaman (D:7)
  4 jellies
  A jelly (shapeshifter) (D:13)
  5 centaur skeletons
  14 worker ants
  2 orange rats (Lair:3)
  3 quasits
  2 centaur simulacra (D:11)
  An ogre zombie (D:8)
  31 sheep
  Ijyb (D:2)
  A mottled dragon zombie (D:15)
  A mottled dragon skeleton (D:11)
  An ogre skeleton (D:7)
  A hound skeleton (D:5)
  8 mummies (Ossuary)
  A worker ant zombie (D:9)
  78 green rats
  A scorpion zombie (D:8)
  18 adders
  7 gnolls
  2 giant mites
  4 shadow imps
  A removed MONS_INEPT_ITEM_MIMIC (D:4)
  8 white imps (D:11)
  2 worms (D:2)
  3 ufetubi (D:11)
  A scorpion simulacrum (D:11)
  4 giant geckos
  An ooze (D:6)
  103 orcs
  5 giant cockroaches
  14 goblins
  9 hobgoblins
  24 jackals
  19 kobolds
  11 quokkas
  26 bats
  7 giant newts
  3 gnoll zombies (Ossuary)
  A hobgoblin zombie (Ossuary)
  2 kobold zombies (Ossuary)
  2 orc zombies (Ossuary)
  A quokka skeleton (D:6)
  26 rats
  A spectral orc (D:8)
  39 ballistomycetes
  A plant (Lair:8)
1283 creatures vanquished.

Vanquished Creatures (collateral kills)
  A deep elf blademaster (Elf:3)
  5 deep elf sorcerers (Elf:3)
  2 deep elf demonologists (Elf:3)
  A deep elf annihilator (Elf:3)
  3 deep elf death magi (Elf:3)
  An orc high priest (Elf:3)
  A deep elf summoner (Elf:3)
  A deep elf conjurer (Elf:3)
  An orc sorcerer (D:15)
  A griffon (Lair:8)
  An iron devil (Elf:3)
  A smoke demon (Elf:3)
  2 blue devils (Elf:3)
  A slime creature (Swamp:2)
  A blink frog (Lair:8)
  A spriggan (Swamp:1)
  A tarantella (Spider:5)
  A water elemental (D:13)
  A vampire mosquito (Lair:8)
  A mottled dragon (D:13)
  A water moccasin (Lair:8)
  An orc warrior (Elf:3)
  2 yellow wasps
  A giant frog (D:13)
  4 insubstantial wisps (Swamp:2)
  2 killer bees (D:14)
  A tengu zombie (D:13)
  2 electric eels (Lair:8)
  A crimson imp (D:10)
  2 orc priests
  3 orc wizards
  An orange rat (Elf:3)
  6 sheep (Lair:8)
  A centaur simulacrum (D:11)
  7 green rats (Lair:8)
  4 orcs
  A bat (D:11)
  3 kobolds (D:11)
  2 giant spores
  A ballistomycete (D:12)
  3 crawling corpses (Elf:3)
77 creatures vanquished.

Vanquished Creatures (others)
  A deep elf annihilator (Elf:3)
  2 deep elf high priests (Elf:3)
  9 mana vipers (Elf:3)
  A deep elf conjurer (Elf:3)
  A deep elf mage (Elf:3)
  A neqoxec (Orc:4)
  An orc warrior (Orc:4)
  3 lost souls (Elf:3)
  A quasit (Elf:3)
  An orc wizard (Orc:4)
  A shadow imp (D:13)
  3 giant spores
  4 ballistomycetes
  2 fungi
  A plant (Lair:8)
32 creatures vanquished.

Grand Total: 1392 creatures vanquished

Notes
Turn   | Place    | Note
--------------------------------------------------------------
     0 | D:1      | PolkaDot, the Vampire Enchanter, began the quest for the Orb.
     0 | D:1      | Reached XP level 1. HP: 13/13 MP: 3/3
   543 | D:1      | Reached XP level 2. HP: 14/19 MP: 1/4
   729 | D:1      | Learned a level 2 spell: Ensorcelled Hibernation
   891 | D:1      | Reached skill level 5 in Hexes
  1332 | D:1      | Reached skill level 5 in Stealth
  1874 | D:1      | Reached XP level 3. HP: 16/24 MP: 6/6
  2372 | D:1      | Learned a level 3 spell: Confuse
  2445 | D:2      | Noticed Ijyb
  2497 | D:2      | Killed Ijyb
  2497 | D:2      | Reached skill level 1 in Ice Magic
  3077 | D:2      | Reached XP level 4. HP: 30/30 MP: 2/7
  4873 | D:4      | Reached skill level 6 in Hexes
  4873 | D:4      | Reached XP level 5. HP: 25/35 MP: 0/9
  5168 | D:4      | Reached skill level 10 in Fighting
  5168 | D:4      | Reached XP level 6. HP: 36/61 MP: 10/10
  5396 | D:4      | Found a sparkling altar of Nemelex Xobeh.
  5440 | D:4      | Noticed a phantom
  5501 | D:4      | Killed a phantom
  5636 | D:4      | Noticed Sigmund
  5647 | D:4      | Killed Sigmund
  5741 | D:4      | Found Xogeenypn's General Store.
  5785 | D:4      | Reached XP level 7. HP: 41/67 MP: 9/12
  6360 | D:4      | Learned a level 4 spell: Enslavement
  6393 | D:5      | Entered Level 5 of the Dungeon
  6754 | D:5      | Found a bloodstained altar of Trog.
  6915 | D:5      | Found a white marble altar of Elyvilon.
  7176 | D:5      | Found an ancient bone altar of Kikubaaqudgha.
  7214 | D:5      | Reached XP level 8. HP: 67/74 MP: 3/13
  7358 | D:5      | Found a glowing golden altar of the Shining One.
  7513 | D:5      | Found Phaes' Antique Weapon Boutique.
  7802 | D:6      | Found Viym's Magic Scroll Shop.
  8037 | D:6      | Noticed Eustachio
  8050 | D:6      | Killed Eustachio
  8707 | D:6      | Found a staircase to the Ecumenical Temple.
  8720 | Temple   | Entered the Ecumenical Temple
  8857 | Temple   | Became a worshipper of Ashenzari the Shackled
  9095 | D:7      | Found a sand-covered staircase.
  9107 | Ossuary  | Entered an ossuary
  9207 | Ossuary  | Reached XP level 9. HP: 71/79 MP: 7/14
 10471 | D:7      | Reached skill level 5 in Short Blades
 11083 | D:7      | Reached skill level 10 in Hexes
 11202 | D:8      | Identified the ring "Plettegg" {Str-3 Int+3}
 11465 | D:8      | Found a shadowy altar of Dithmenos.
 12361 | D:8      | Found a basalt altar of Yredelemnul.
 12830 | D:9      | Acquired Ashenzari's first power
 12850 | D:9      | Noticed Wintastic's ghost (experienced MiCK)
 12874 | D:9      | Killed Wintastic's ghost
 12874 | D:9      | Reached skill level 11 in Hexes
 13137 | D:10     | Entered Level 10 of the Dungeon
 13276 | D:10     | Reached XP level 10. HP: 79/86 MP: 16/16
 13911 | D:10     | Reached skill level 10 in Stealth
 14171 | D:10     | Learned a level 3 spell: Regeneration
 14242 | D:10     | Noticed an unseen horror
 14245 | D:10     | Killed an unseen horror
 14245 | D:10     | Reached skill level 12 in Hexes
 14261 | D:11     | Noticed an unseen horror
 14261 | D:11     | Noticed Fannar
 14266 | D:11     | Killed an unseen horror
 14317 | D:11     | Killed Fannar
 14619 | D:11     | Gained mutation: You possess an exceptional clarity of mind. [potion of beneficial mutation]
 14626 | D:11     | Noticed an eight-headed hydra
 15091 | D:11     | Reached skill level 13 in Hexes
 15291 | D:11     | Reached XP level 11. HP: 92/92 MP: 17/17
 15665 | D:11     | Found a staircase to the Lair.
 15831 | D:11     | Found a blossoming altar of Fedhas.
 16219 | D:11     | Found a staircase to the Orcish Mines.
 16266 | D:11     | Reached skill level 14 in Hexes
 16782 | D:11     | Killed an eight-headed hydra
 16901 | Lair:1   | Entered Level 1 of the Lair of Beasts
 17572 | Lair:1   | Reached skill level 15 in Hexes
 18526 | Lair:2   | Learned a level 3 spell: Passwall
 18640 | Lair:2   | Reached skill level 1 in Transmutations
 18640 | Lair:2   | Reached XP level 12. HP: 76/99 MP: 18/21
 18853 | Lair:2   | Acquired Ashenzari's second power
 18878 | Lair:2   | Learned a level 6 spell: Invisibility
 19144 | Lair:3   | Got the uncursed helmet "Stray" {+Rage +Inv SInv}
 19158 | Lair:3   | Identified the +1 helmet "Stray" {+Rage +Inv SInv} (You found it on level 3 of the Lair of Beasts)
 19412 | Lair:3   | Reached skill level 5 in Spellcasting
 19464 | Lair:3   | Reached skill level 1 in Earth Magic
 19767 | Lair:3   | Noticed Rupert
 19776 | Lair:3   | Lost mutation: You possess an exceptional clarity of mind. [potion of cure mutation]
 19799 | Lair:3   | Killed Rupert
 20830 | Lair:4   | Found a staircase to the Swamp.
 20834 | Lair:4   | Reached skill level 5 in Transmutations
 21568 | Lair:5   | Acquired Ashenzari's third power
 21576 | Lair:5   | Noticed Maud
 21598 | Lair:5   | Killed Maud
 21822 | Lair:5   | Noticed a four-headed hydra
 21829 | Lair:5   | Killed a four-headed hydra
 21908 | Lair:5   | Noticed a seven-headed hydra
 21918 | Lair:5   | Killed a seven-headed hydra
 21918 | Lair:5   | Reached XP level 13. HP: 105/105 MP: 24/28
 21927 | Lair:5   | Learned a level 7 spell: Darkness
 22717 | Lair:6   | Found a staircase to the Slime Pits.
 22898 | Lair:6   | Found a hole to the Spider Nest.
 23336 | Lair:6   | Learned a level 2 spell: Sure Blade
 23776 | Lair:7   | Reached skill level 5 in Earth Magic
 23786 | Lair:7   | Gained mutation: You are robust (+10% HP). [potion of mutation]
 23786 | Lair:7   | Lost mutation: You are robust (+10% HP). [potion of mutation]
 23786 | Lair:7   | Gained mutation: You can spit poison. [potion of mutation]
 24351 | Lair:7   | Reached skill level 16 in Hexes
 24713 | Lair:8   | Entered Level 8 of the Lair of Beasts
 25062 | Lair:8   | Acquired Ashenzari's fourth power
 25065 | Lair:8   | Reached skill level 17 in Hexes
 25124 | Lair:8   | Noticed Erica
 25153 | Lair:8   | Killed Erica
 25238 | Lair:8   | Found a snail-covered altar of Cheibriados.
 25296 | Lair:8   | Reached skill level 10 in Short Blades
 25650 | Lair:8   | Reached skill level 15 in Stealth
 25650 | Lair:8   | Reached XP level 14. HP: 111/111 MP: 30/30
 25688 | Lair:8   | Identified the +2 robe of Grace {rF+ rN+}
 26182 | Lair:8   | Reached skill level 18 in Hexes
 27096 | D:5      | Bought a glowing lajatang for 480 gold pieces
 27753 | D:12     | Noticed an eight-headed hydra
 27887 | D:12     | Killed an eight-headed hydra
 27926 | D:12     | Noticed a hill giant
 28164 | D:12     | Killed a hill giant
 28288 | D:12     | Found Xaetepta's General Store.
 29133 | D:13     | Gained mutation: Armour fits poorly on your strangely shaped body. [mutagenic glow]
 29134 | D:13     | Lost mutation: Armour fits poorly on your strangely shaped body. [potion of cure mutation]
 29134 | D:13     | Lost mutation: You can spit poison. [potion of cure mutation]
 29691 | D:13     | Found a gate to the Vaults.
 30038 | D:13     | Reached skill level 19 in Hexes
 30691 | D:13     | Gained mutation: You are robust (+10% HP). [potion of mutation]
 30691 | D:13     | Gained mutation: You have a pair of small antennae on your head. [potion of mutation]
 30691 | D:13     | Gained mutation: Armour fits poorly on your strangely shaped body. [potion of mutation]
 30912 | D:14     | Noticed Nessos
 30920 | D:14     | Killed Nessos
 30920 | D:14     | Reached skill level 1 in Shields
 31394 | D:15     | Entered Level 15 of the Dungeon
 31693 | D:15     | Found a staircase to the Depths.
 31894 | D:15     | Reached XP level 15. HP: 128/128 MP: 22/31
 31903 | D:15     | Learned a level 2 spell: Blink
 32123 | D:15     | Lost mutation: You have a pair of small antennae on your head. [potion of mutation]
 32123 | D:15     | Gained mutation: You tend to lose your temper in combat. [potion of mutation]
 32123 | D:15     | Gained mutation: You are dopey. (Int -2) [potion of mutation]
 32895 | Lair:1   | Upgraded the game from 0.16-a0-791-gf1c67de to 0.16-a0-890-g98fc465
 33024 | Swamp:1  | Entered Level 1 of the Swamp
 33059 | Swamp:1  | Reached skill level 20 in Hexes
 33328 | Swamp:1  | Noticed Louise
 33335 | Swamp:1  | Killed Louise
 33335 | Swamp:1  | Reached skill level 5 in Shields
 33728 | Swamp:1  | Noticed Agnes
 33734 | Swamp:1  | Killed Agnes
 33832 | Swamp:1  | Noticed Snorg
 33839 | Swamp:1  | Killed Snorg
 34393 | Swamp:2  | Noticed Wiglaf
 34431 | Swamp:2  | Killed Wiglaf
 34836 | Swamp:2  | Noticed Asterion
 34846 | Swamp:2  | Noticed a spectral weapon
 34853 | Swamp:2  | Killed Asterion
 34853 | Swamp:2  | Reached skill level 1 in Charms
 35307 | Swamp:2  | Noticed Frances
 35542 | Swamp:2  | Killed Frances
 35562 | Swamp:2  | Reached skill level 21 in Hexes
 35572 | Swamp:2  | Identified a scroll of acquirement
 36959 | Swamp:3  | Gained mutation: You are somewhat resistant to further mutation. [potion of beneficial mutation]
 38090 | Swamp:5  | Entered Level 5 of the Swamp
 38324 | Swamp:5  | Noticed a thorn hunter
 38517 | Swamp:5  | Reached XP level 16. HP: 136/136 MP: 27/31
 38807 | Swamp:5  | Noticed the 27-headed Lernaean hydra
 39094 | Swamp:5  | Killed the 27-headed Lernaean hydra
 39094 | Swamp:5  | Reached skill level 5 in Charms
 39096 | Swamp:5  | Got a decaying rune of Zot
 39293 | Spider:1 | Entered Level 1 of the Spider Nest
 39582 | Spider:2 | Reached skill level 22 in Hexes
 39867 | Spider:5 | Entered Level 5 of the Spider Nest
 40336 | Spider:3 | Noticed Nikola
 40956 | Orc:1    | Entered Level 1 of the Orcish Mines
 41439 | Orc:1    | Found Khieh's Food Shop.
 41463 | Orc:1    | Found Otam's Gadget Shop.
 41787 | Orc:3    | Found a staircase to the Elven Halls.
 41902 | Orc:3    | Found a glowing silver altar of Zin.
 41937 | Orc:4    | Entered Level 4 of the Orcish Mines
 42830 | Orc:4    | Found Bruaduef's Food Shoppe.
 42831 | Orc:4    | Found Pnunyb's Book Shoppe.
 42831 | Orc:4    | Found Xaixen Yfee's Assorted Antiques.
 42831 | Orc:4    | Found Foqaptae's Magic Scroll Boutique.
 42862 | Orc:4    | Bought a book of Wizardry for 330 gold pieces
 42862 | Orc:4    | Bought a manual of Short Blades for 1214 gold pieces
 42942 | Elf:1    | Entered Level 1 of the Elven Halls
 43615 | Elf:1    | Found Grytapon's Book Boutique.
 43757 | Elf:1    | Reached skill level 23 in Hexes
 44369 | Elf:1    | Bought a book of Hinderance for 320 gold pieces
 45407 | Elf:2    | Noticed a deep elf blademaster
 45416 | Elf:2    | Killed a deep elf blademaster
 45422 | Elf:2    | Reached XP level 17. HP: 143/143 MP: 32/32
 45649 | Elf:2    | Learned a level 2 spell: Repel Missiles
 47751 | Elf:3    | Entered Level 3 of the Elven Halls
 48903 | Elf:3    | Learned a level 5 spell: Summon Mana Viper
 48929 | Elf:3    | Reached skill level 10 in Spellcasting
 49087 | Elf:3    | Noticed a Brimstone Fiend
 49270 | Elf:3    | Identified the amulet "Qeusu" {rCorr Str+5 Int+3} (You took it off a deep elf death mage on level 3 of the Elven Halls)
 50245 | Elf:3    | Cast into the Abyss (deep elf sorcerer)
 50245 | Abyss:1  | Identified the +1 cloak of the Buccaneer {rF+ SInv}
 50537 | Abyss:3  | Noticed a hellephant
 50539 | Abyss:3  | Killed a hellephant
 50541 | Abyss:3  | Got an abyssal rune of Zot
 50567 | Abyss:3  | Noticed a bone dragon
 50587 | Elf:3    | Escaped the Abyss
 50806 | Elf:3    | Identified the ring of Chatab {SustAb +Fly rF+ rN+ Stlth+} (You took it off a deep elf death mage on level 3 of the Elven Halls)
 51827 | Elf:3    | Identified the ring of the Cicada {MP+9 Int+2 Slay+6 Stlth-} (You took it off a deep elf sorcerer on level 3 of the Elven Halls)
 51827 | Elf:3    | Identified the +7 flail "Pleifr Anusm" {flame, rC++ Curse} (You took it off a deep elf sorcerer on level 3 of the Elven Halls)
 52029 | Elf:3    | Gained mutation: You occasionally shout uncontrollably at your foes. [a neqoxec]
 52043 | Elf:3    | Identified the +14 crystal plate armour "Pukly" {rElec SInv}
 52066 | Elf:3    | HP: 5/143 [Executioner[a deep elf demonologist] (15)]
 52075 | Elf:3    | HP: 5/143 [sixfirhy[a deep elf demonologist] (9)]
 52076 | Elf:3    | Demolished by an iron devil

Action                   |  1- 3 |  4- 6 |  7- 9 | 10-12 | 13-15 | 16-18 || total
-------------------------+-------+-------+-------+-------+-------+-------++-------
Melee: Dagger            |   142 |   135 |   360 |   808 |  1327 |   614 ||  3386
Throw: Throwing net      |       |       |       |       |     6 |     1 ||     7
 Cast: Corona            |    12 |       |     5 |    11 |    18 |     9 ||    55
       Ensorcelled Hiber |    23 |    34 |    95 |   190 |   208 |    67 ||   617
       Confuse           |     1 |     6 |    21 |    19 |    42 |    28 ||   117
       Enslavement       |       |       |     1 |    12 |    30 |    18 ||    61
       Invisibility      |       |       |       |     4 |    35 |    28 ||    67
       Passwall          |       |       |       |     3 |    10 |    27 ||    40
       Sure Blade        |       |       |       |       |     8 |       ||     8
       Darkness          |       |       |       |       |     6 |    36 ||    42
       Summon Mana Viper |       |       |       |       |       |    46 ||    46
       Blink             |       |       |       |       |       |     4 ||     4
       Repel Missiles    |       |       |       |       |       |     3 ||     3
Invok: Scrying           |       |       |       |       |     4 |     5 ||     9
 Abil: End Transformatio |       |       |       |       |     2 |     2 ||     4
       Bat Form          |       |       |       |       |     2 |     2 ||     4
       Evoke Invisibilit |       |       |       |       |     2 |     1 ||     3
       Turn Visible      |       |       |       |       |     2 |     1 ||     3
Evoke: Wand              |       |       |     2 |    39 |     5 |    13 ||    59
  Use: Potion            |     2 |     2 |     7 |     9 |     9 |    15 ||    44
       Scroll            |     1 |     8 |     6 |    14 |    28 |    12 ||    69
 Stab: Sleeping          |    20 |    31 |    85 |   183 |   297 |   213 ||   829
       Distracted        |     1 |     1 |     3 |     2 |     5 |     7 ||    19
       Confused          |       |     3 |    16 |    16 |    28 |    17 ||    80
       Invisible         |       |       |       |    12 |    97 |    50 ||   159
       Betrayed ally     |       |       |       |     1 |       |     2 ||     3
       Held in net/web   |       |       |       |       |     5 |       ||     5
  Eat: Corpse            |       |       |       |     1 |     2 |     3 ||     6
